cohdb
Replays
Latest Replays
All Replays
Popular Replays
Top Player Replays
Match Explorer
How It Works
Community
CoH3 Stats
Reddit
Sign in to upload your games and track your stats! →
Sign in with Steam
Match 40183884
Unlisted
Match 40183884
Overview
Messages
Build Orders
End
Construct Section Command Post
Vickers Machine Gun Team
Dingo Light Scout Car
Infantry Section
Infantry Section
Construct Platoon Command Post
Humber Armored Car
Infantry Section
Grenade Package
6-pounder Anti-tank Gun Team
Infantry Section
Construct Company Command Post
Matilda II Heavy Tank
Royal Engineer Section
CMP 15cwt Truck
Infantry Training
Infantry Section
Selects Canadian Shock Battlegroup
Selects Incendiary Munitions
Selects Pyrotechnics
Selects Churchill Crocodile Heavy Tank
Selects Attacking Spirit
Selects Canadian Shock Section
Churchill Crocodile Heavy Tank
Selects Point Assault
wila
LittleFatty233
Jmoortba
Overlord
风城玫瑰
意如亦戊
0
0
Comments
sign in to comment!
No comments posted yet!